 Dungeon Crawl Stone Soup version 0.27-a0-1090-gb115f176c6 (webtiles) character file.

Game seed: 8858670552656563152

5046 scammafunk the Fighter (level 10, -2/95 HPs)
             Began as a Minotaur Fighter on Apr 27, 2021.
             Was a High Priest of Trog.
             Slain by an orc warrior
             ... wielding a +2 battleaxe of freezing
              (5 damage)
             ... on level 9 of the Dungeon.
             The game lasted 00:28:15 (9509 turns).

scammafunk the Fighter (Minotaur Fighter)           Turns: 9509, Time: 00:28:15

Health: -2/95      AC: 16    Str: 25    XL:     10   Next: 30%
Magic:  9/9        EV:  3    Int:  5    God:    Trog [*****.]
Gold:   275        SH: 14    Dex:  9    Spells: 9/9 levels left

rFire    . . .     SeeInvis .   a - +1 war axe
rCold    . . .     Faith    .   y - +0 tower shield
rNeg     . . .     Spirit   .   c - +0 plate armour
rPois    .         Reflect  .   (helmet restricted)
rElec    .         Harm     .   p - scarf {repulsion}
rCorr    .         Rampage  .   (no gloves)
Will     ++...                  A - +0 pair of boots
Stlth    ..........             (no amulet)
HPRegen  1.25/turn              (no ring)
MPRegen  0.11/turn              (no ring)

@: strong-willed, on berserk cooldown, regenerating, slowed, repel missiles,
very slow
A: horns 2, retaliatory headbutt, claws 1, evolution 1
a: Renounce Religion, Berserk, Trog's Hand, Brothers in Arms


You were on level 9 of the Dungeon.
You worshipped Trog.
Trog was extremely pleased with you.
You visited 2 branches of the dungeon, and saw 10 of its levels.
You also visited: Sewer.

You collected 549 gold pieces.
You spent 274 gold pieces at shops.

Inventory:

Hand Weapons
 a - a +1 war axe (weapon)
Missiles
 m - 4 curare-tipped darts
 t - a throwing net (quivered)
Armour
 c - a +0 plate armour (worn)
 p - a scarf of repulsion (worn)
 y - a +0 tower shield (worn)
 A - a +0 pair of boots (worn)
Jewellery
 f - a ring of poison resistance
 g - a ring of see invisible
 j - a ring of flight
Wands
 h - a wand of flame (11)
 r - a wand of digging (6)
 E - a wand of paralysis (6)
Scrolls
 b - a scroll of enchant armour
 e - 8 scrolls of magic mapping
 k - a scroll of fog {unknown}
 n - 3 scrolls of fear
 o - 3 scrolls of immolation
 q - 5 scrolls of blinking
 s - 7 scrolls of teleportation
 v - a scroll of enchant weapon
 w - a scroll of brand weapon {unknown}
Potions
 d - a potion of might
 i - a potion of degeneration {unknown}
 l - 3 potions of curing
 x - a potion of lignification
 z - 2 potions of heal wounds
 B - a potion of mutation


   Skills:
 + Level 11.0 Fighting
 + Level 10.7 Axes
 + Level 11.0 Armour
 - Level 3.6 Shields


You had 9 spell levels left.
You didn't know any spells.
Your spell library contained the following spells:

 Spells                   Type           Power      Damage    Failure   Level
 Beastly Appendage        Tmut           0%         N/A       100%        1
 Wereblood                Tmut           0%         N/A       100%        2
 Confusing Touch          Hex            0%         N/A       100%        3
 Gell's Gravitas          Tloc           0%         N/A       100%        3
 Spider Form              Tmut/Pois      0%         N/A       100%        3
 Ice Form                 Ice/Tmut       0%         N/A       100%        4
 Petrify                  Tmut/Erth      0%         N/A       100%        4
 Hydra Form               Tmut           0%         N/A       100%        5
 Metabolic Englaciation   Hex/Ice        0%         N/A       100%        5
 Yara's Violent Unravell  Hex/Tmut       0%         3d3       100%        5


Dungeon Overview and Level Annotations

Branches:
Dungeon (9/15)             Temple (1/1) D:7           Sewer (visited)
   Lair: D:8-11         Orc: D:9-12

Altars:
Ashenzari
Cheibriados
Dithmenos
Elyvilon
Gozag
Kikubaaqudgha
Makhleb
Nemelex Xobeh
Ru
Sif Muna
Trog
Xom
Yredelemnul
Zin
The Shining One

Shops:
D:4 [   D:7 ?   D:9 =

Annotations:
D:9 exclusion: ice statue


Innate Abilities, Weirdness & Mutations

You have a pair of horns on your head.
You reflexively headbutt those who attack you in melee.
You have sharp fingernails.
You evolve.


Message History

You kill the orc!
Trog accepts your kill.
You barely miss the orc warrior. You block the orc's attack.
The orc warrior hits you with a +2 battleaxe of freezing!!
The orc warrior freezes you!
* * * LOW HITPOINT WARNING * * *
You block the orc priest's attack. The orc hits you but does no damage.
A bullfrog comes into view.
The orc warrior hits you with a +2 battleaxe of freezing!
* * * LOW HITPOINT WARNING * * *
The orc warrior freezes you!
* * * LOW HITPOINT WARNING * * *
You feel much better.
The bullfrog croaks.
You hear a shout!
You block the orc priest's attack. The orc hits you but does no damage.
You block the orc warrior's attack.
An orc comes into view. It is wielding a +0 flail.
The orc priest hits you with a +0 whip.
* * * LOW HITPOINT WARNING * * *
The orc hits you but does no damage.
You closely miss the orc priest. You hit the orc warrior.
You block the orc warrior's attack. You block the orc priest's attack.
The orc hits you but does no damage.
The orc warrior hits you with a +2 battleaxe of freezing.
* * * LOW HITPOINT WARNING * * *
The orc warrior freezes you.
* * * LOW HITPOINT WARNING * * *
The bullfrog hits you but does no damage.
The orc hits you but does no damage.
The orc priest hits you but does no damage.
You block the orc warrior's attack.
Your skin crawls.
You feel strong-willed.
The bullfrog hits you but does no damage.
You block the bullfrog's attack. You block the orc priest's attack.
You block the orc's attack.
The orc warrior hits you with a +2 battleaxe of freezing!
* * * LOW HITPOINT WARNING * * *
The orc warrior freezes you.
You die...

#.....# #.<...#
#.....#
######.....#
#....#.....# ##
##.##.......#
##.##.#####.....#
#..#.)# #.....#
#)@o## #.....#
#.o#Fo.# #.....#
#.#...### #.....#
#. .##.# #...))#
## # #. ...
#...).# #. #. #..
#.....# #. . #.##
#.....# #. . .#
#.....# #.
#.....###.


You could see an orc warrior, a bullfrog, an orc priest and an orc.

Vanquished Creatures
  Maggie (D:6)
  A kobold demonologist (D:8)
  A wyvern (D:8)
  Eustachio (D:5)
  A warg (D:9)
  2 orc warriors (D:9)
  A sky beast (D:8)
  A hornet zombie (D:6)
  3 black bears
  4 ogres
  A necrophage (D:6)
  4 centaurs
  15 kobold brigands
  A scorpion (D:6)
  3 bullfrogs
  A wyvern skeleton (D:5)
  A water moccasin zombie (D:5)
  A water moccasin skeleton (D:6)
  9 killer bees
  3 centaur zombies
  A gnoll shaman (D:7)
  3 hounds
  A jelly (D:6)
  2 orc priests (D:9)
  3 iguanas
  4 orc wizards
  A killer bee zombie (D:8)
  3 howler monkey zombies
  13 adders
  5 gnolls (D:7)
  An ufetubus (D:9)
  2 worms
  A dart slug (D:1)
  24 orcs
  18 endoplasms
  25 giant cockroaches
  5 goblins
  5 hobgoblins
  4 jackals
  15 quokkas
  19 ball pythons
  5 bats
  11 frilled lizards
  25 kobolds
  5 rats
256 creatures vanquished.

Vanquished Creatures (others)
  An ufetubus (D:9)
1 creature vanquished.

Grand Total: 257 creatures vanquished

Notes
Turn   | Place    | Note
-------+----------+-------------------------------------------
     0 | D:1      | scammafunk the Minotaur Fighter began the quest for the
                  | Orb.
     0 | D:1      | Reached XP level 1. HP: 19/19 MP: 0/0
   142 | D:1      | Reached XP level 2. HP: 27/27 MP: 1/1
   925 | D:2      | Reached XP level 3. HP: 32/33 MP: 2/2
  1010 | D:2      | Found a faded altar of an unknown god.
  1017 | D:2      | Became a worshipper of Trog the Wrathful
  1017 | D:2      | Reached * piety under Trog
  1406 | D:3      | Noticed a black bear
  1413 | D:3      | Killed a black bear
  1414 | D:3      | Reached skill level 5 in Fighting
  1414 | D:3      | Reached XP level 4. HP: 42/42 MP: 3/3
  1414 | D:3      | Reached XP level 5. HP: 48/48 MP: 4/4
  1596 | D:3      | Reached skill level 5 in Armour
  2150 | D:4      | Reached ** piety under Trog
  2197 | D:4      | Found Piufiamno's Antique Armour Shoppe.
  2681 | D:4      | Found a glowing drain.
  2688 | Sewer    | Entered a sewer
  2750 | Sewer    | Reached XP level 6. HP: 51/56 MP: 5/5
  2776 | Sewer    | Reached *** piety under Trog
  3040 | Sewer    | Reached skill level 5 in Axes
  3541 | D:5      | Entered Level 5 of the Dungeon
  3550 | D:5      | Reached **** piety under Trog
  3566 | D:5      | Reached XP level 7. HP: 54/63 MP: 6/6
  3695 | D:5      | Noticed Eustachio
  3709 | D:5      | Killed Eustachio
  4015 | D:5      | Reached XP level 8. HP: 59/73 MP: 7/7
  5288 | D:6      | Found a sparkling altar of Nemelex Xobeh.
  5556 | D:6      | Found a white marble altar of Elyvilon.
  5556 | D:6      | Found a glowing silver altar of Zin.
  5556 | D:6      | Found a glowing golden altar of the Shining One.
  5875 | D:6      | Noticed Maggie
  5889 | D:6      | Killed Maggie
  5890 | D:6      | Reached XP level 9. HP: 40/83 MP: 8/8
  6987 | D:7      | Found Teok's Magic Scroll Boutique.
  6995 | D:7      | Bought a scroll of identify for 22 gold pieces
  6995 | D:7      | Bought a scroll of identify for 22 gold pieces
  6995 | D:7      | Bought a scroll of teleportation for 33 gold pieces
  6995 | D:7      | Bought a scroll of blinking for 82 gold pieces
  6995 | D:7      | Bought a scroll of fear for 38 gold pieces
  6995 | D:7      | Bought a scroll of teleportation for 33 gold pieces
  6995 | D:7      | Bought a scroll of identify for 22 gold pieces
  6995 | D:7      | Bought a scroll of identify for 22 gold pieces
  7002 | D:7      | Found a staircase to the Ecumenical Temple.
  7018 | Temple   | Entered the Ecumenical Temple
  8244 | D:8      | Gained mutation: You have sharp fingernails. [potion of
                  | mutation]
  8244 | D:8      | Gained mutation: You evolve. [potion of mutation]
  8479 | D:8      | Found an ancient bone altar of Kikubaaqudgha.
  8483 | D:8      | Found a burning altar of Makhleb.
  8574 | D:8      | Reached skill level 10 in Fighting
  8737 | D:8      | Reached skill level 10 in Armour
  8978 | D:8      | Noticed a kobold demonologist
  8986 | D:8      | Killed a kobold demonologist
  8989 | D:8      | Reached skill level 10 in Axes
  9002 | D:8      | Reached XP level 10. HP: 79/94 MP: 9/9
  9017 | D:8      | Reached ***** piety under Trog
  9220 | D:9      | Noticed an ice statue
  9340 | D:9      | Found Suty's Jewellery Shoppe.
  9506 | D:9      | HP: 2/95 [orc warrior/+2 battleaxe of freezing (7)]
  9509 | D:9      | Slain by an orc warrior

Illustrated notes

Levels and vault maps discovered:
D:1:      enne_arrival_octagon_isle, layout_loops_ring
D:2:      layout_basic, hellmonk_ecumenical_altar_run_dry
D:3:      layout_loops_ring, minmay_fractal_squares_gapless_5
D:4:      layout_cave_pools, serial_shops,
          nicolae_shop_temple_entry_statues_fountains, gup_sewer_entry_spiral
D:5:      layout_layer_cave, nicolae_ossuary_entry_ruins, uniq_eustachio
D:6:      layout_layer_cave, good_gods_mini_temple, lemuel_tele_altar,
          chequers_hall_statues_corner_a, uniq_maggie
D:7:      layout_basic, minmay_temple_entry_sparse_star, serial_shops, shop
D:8:      layout_loops_ring, chequers_temple_overflow_statue_of_worship,
          special_room [special_room_kobold], mrwooster_statue_mirror
D:9:      cheibrodos_frozen_isle, layout_cross, nicolae_overflow_crystal_walls,
          minmay_overflow_temple_hex, erik_orc_3, serial_shops, shop_statue
Temple:   kb_temple_of_zot

Skill      XL: |  1  2  3  4  5  6  7  8  9 10 |
---------------+-------------------------------+-----
Fighting       | 4 5 6 7 9 10 11 | 11.0
Armour         | 4 5 6 7 9 10 11 | 11.0
Axes           | 3 4 5 6 8 10 | 10.7
Shields        | |  3.6

Action                   |  1- 3 |  4- 6 |  7- 9 | 10-12 || total
-------------------------+-------+-------+-------+-------++-------
Melee: War axe           |    94 |   239 |   278 |    68 ||   679
       Headbutt          |     7 |    23 |    52 |    13 ||    95
       Spear             |       |       |       |    14 ||    14
Invok: Berserk           |     1 |     5 |     5 |     1 ||    12
       Trog's Hand       |       |       |       |     1 ||     1
  Use: Scroll            |       |       |    12 |       ||    12
       Potion            |       |       |     6 |     1 ||     7
Armor: Scale mail        |    16 |       |       |       ||    16
       Plate armour      |    56 |   244 |   252 |    67 ||   619
Dodge: Dodged            |    43 |   113 |    68 |     9 ||   233
Block: Tower shield      |       |       |   197 |    92 ||   289

Table legend: (Time is in decaauts)
 A = Elapsed time spent in this place.
 B = Non-inter-level travel time spent in this place.
 C = Inter-level travel time spent in this place.
 D = Time resting spent in this place.
 E = Time spent auto-exploring this place.
 F = Levels seen in this place.
 G = Mean time per level.
                   A        B        C        D        E       F      G
               +--------+--------+--------+--------+--------+-----+--------+
         Total |   9998 |   9701 |    297 |   1614 |   5766 |  11 |  908.9 |
       Dungeon |   8944 |   8662 |    282 |   1284 |   5496 |   9 |  993.8 |
        Temple |    116 |    101 |     15 |      0 |    100 |   1 |  116.0 |
         Sewer |    937 |    937 |      0 |    330 |    169 |   1 |  937.0 |
               +--------+--------+--------+--------+--------+-----+--------+

Top non-repeatable levels by time:
     D:7: 1990 daAuts
     D:6: 1367 daAuts
     D:5: 1330 daAuts
     D:8: 1092 daAuts
   Sewer: 937 daAuts
     D:1: 935 daAuts
     D:3: 795 daAuts
     D:4: 710 daAuts
     D:2: 458 daAuts
     D:9: 263 daAuts
  Temple: 116 daAuts
